[Event "*** SCC Grand Prix: Titled Tuesday Blitz"]
[Site "Chess.com"]
[Date "2020.09.29"]
[Round "7"]
[White "LogoCzar"]
[Black "dodorox"]
[Result "1-0"]
[WhiteElo "2430"]
[BlackElo "2048"]
[TimeControl "180+1"]
[EndTime "11:11:22 PDT"]
[Termination "LogoCzar won by resignation"]

1. e4 e6 2. d4 d5 3. Nc3 Nf6 4. e5 Nfd7 5. f4 c5 6. Nf3 Nc6 7. Be3 Qb6 8. Na4 Qa5+ 9. c3 c4 10. b4 Nxb4 11. cxb4 Bxb4+ 12. Kf2 b5 13. Nb2 Nb8 14.
a4 Bc3 15. Bd2 Nc6 16. axb5 Qb4 17. Bxc3 Qxc3 18. Na4 1-0

[Event "*** SCC Grand Prix: Titled Tuesday Blitz"]
[Site "Chess.com"]
[Date "2020.09.29"]
[Round "7"]
[White "EvgenyRomanov"]
[Black "Supernotar"]
[Result "1/2-1/2"]
[WhiteElo "2610"]
[BlackElo "2788"]
[TimeControl "180+1"]
[EndTime "11:11:26 PDT"]
[Termination "Game drawn by repetition"]

1. b3 b6 2. Bb2 Bb7 3. Nf3 Nf6 4. g3 g6 5. Bg2 Bg7 6. O-O O-O 7. a4 a5 8. Na3 d6 9. Nc4 Nbd7 10. d4 e6 11. Re1 Qe7 12. Nh4 Bxg2 13. Nxg2 Rfe8 14. Nf4 e5 15. dxe5 Nxe5 16. Nxe5 dxe5 17. Nd5 Nxd5 18.
Qxd5 Rad8 19. Qc4 e4 20. Bxg7 Kxg7 21. Rad1 f5 22. Rd4 Rxd4 23. Qxd4+ Qf6 24. Qc4 Qd6 25.
Qc3+ Kf7 26. Qc4+ Kg7 27. Qc3+ Kf7 28. Qc4+ Kg7 1/2-1/2

[Event "*** SCC Grand Prix: Titled Tuesday Blitz"]
[Site "Chess.com"]
[Date "2020.09.29"]
[Round "7"]
[White "pedro_nascimento85"]
[Black "rugbyclub"]
[Result "0-1"]
[WhiteElo "2000"]
[BlackElo "2165"]
[TimeControl "180+1"]
[EndTime "11:11:51 PDT"]
[Termination "rugbyclub won by checkmate"]

1. d4 d5 2. c4 e6 3. Nc3 a6 4.
cxd5 exd5 5. a3 Be6 6. Bf4 Bd6 7. Bxd6 Qxd6 8. e3 Nf6 9. Bd3 Nbd7 10. Nge2 O-O 11. O-O c5 12. Rc1 c4 13. Bb1 b5 14.
f3 Rab8 15. e4 dxe4 16. fxe4 Ng4 17. Qd2 Qxh2# 0-1

[Event "*** SCC Grand Prix: Titled Tuesday Blitz"]
[Site "Chess.com"]
[Date "2020.09.29"]
[Round "7"]
[White "Artem_Sadovsky"]
[Black "GmSergioBarrientos"]
[Result "0-1"]
[WhiteElo "2524"]
[BlackElo "2695"]
[TimeControl "180+1"]
[EndTime "11:12:05 PDT"]
[Termination "GmSergioBarrientos won by resignation"]

1. Nf3 Nf6 2. c4 e6 3. b3 d5 4. Bb2 Be7 5. e3 O-O 6. Be2 b6 7. O-O Bb7 8. d4 dxc4 9. bxc4 Nbd7 10. Nc3 c5 11. d5 exd5 12. cxd5 Bd6 13. e4 Re8 14. Bd3 a6 15. a4 Ne5 16. Nxe5 Bxe5 17. h3 Bxc3 18. Bxc3 Nxe4 19. Bxe4 Rxe4 20. d6 Re6 21. Qg4 Rg6 0-1

[Event "*** SCC Grand Prix: Titled Tuesday Blitz"]
[Site "Chess.com"]
[Date "2020.09.29"]
[Round "7"]
[White "belisarius64"]
[Black "Superfelix"]
[Result "0-1"]
[WhiteElo "2660"]
[BlackElo "2503"]
[TimeControl "180+1"]
[EndTime "11:12:07 PDT"]
[Termination "Superfelix won by resignation"]

1. e4 c6 2. Nf3 d5 3. d3 g6 4. e5 Bg4 5. Nbd2 h5 6. h3 Bxf3 7.
Nxf3 e6 8. d4 Nh6 9. Be2 Qb6 10.
O-O c5 11. dxc5 Bxc5 12. a3 Nf5 13. b4 Be7 14. g4 hxg4 15. hxg4 Ng3 16. Be3 Nxe2+ 17.
Qxe2 Qc7 18. Kg2 Nd7 19. Rac1 Nxe5 20. Bd4 Nxf3 21. Bxh8 Qh2+ 22. Kxf3 Qh3+ 23. Kf4 g5+ 0-1

[Event "*** SCC Grand Prix: Titled Tuesday Blitz"]
[Site "Chess.com"]
[Date "2020.09.29"]
[Round "7"]
[White "ChrisTool2"]
[Black "lucasmito"]
[Result "1-0"]
[WhiteElo "2351"]
[BlackElo "2453"]
[TimeControl "180+1"]
[EndTime "11:12:17 PDT"]
[Termination "ChrisTool2 won by checkmate"]

1. d4 d5 2. c4 dxc4 3. e3 Nf6 4. Bxc4 e5 5. Nf3 exd4 6. Qxd4 Bd6 7. O-O O-O 8. Nc3 Nc6 9. Qh4 Qe7 10. b3 Ne5 11.
Nxe5 Qxe5 12. Bb2 g5 13. Qg3 Qf5 14. f4 h6 15. e4 Nxe4 16. Nxe4 Qxe4 17. Qc3 Qh7 18.
Bd3 f5 19. Bc4+ Rf7 20. Qf6 Kf8 21. Qd8# 1-0

[Event "*** SCC Grand Prix: Titled Tuesday Blitz"]
[Site "Chess.com"]
[Date "2020.09.29"]
[Round "7"]
[White "Sjakkerntobi"]
[Black "GalperinPlaton"]
[Result "1-0"]
[WhiteElo "2433"]
[BlackElo "2730"]
[TimeControl "180+1"]
[EndTime "11:12:18 PDT"]
[Termination "Sjakkerntobi won by resignation"]

1. e4 h5 2. d4 h4 3. h3 d5 4. Nc3 dxe4 5. Nxe4 Nf6 6. Nc3 Bf5 7. Nf3 e6 8. Bg5 c6 9. Bxh4 Nbd7 10. Bd3 Qa5 11. Bg3 Bb4 12. O-O Bxc3 13. bxc3 Qxc3 14. Rb1 Bxd3 15. cxd3 Nb6 16. a4 Qa5 17. Ne5 Nfd7 18. Qg4 Rg8 19. Rfe1 Nxe5 20. Rxe5 Nd5 21. Rxb7 O-O-O 22. Rxf7 1-0

[Event "*** SCC Grand Prix: Titled Tuesday Blitz"]
[Site "Chess.com"]
[Date "2020.09.29"]
[Round "7"]
[White "KyrgyzFighter"]
[Black "Fh2411"]
[Result "0-1"]
[WhiteElo "2369"]
[BlackElo "2527"]
[TimeControl "180+1"]
[EndTime "11:12:29 PDT"]
[Termination "Fh2411 won by resignation"]

1. c4 c6 2. Nc3 d5 3. d4 Nf6 4.
cxd5 cxd5 5. Bf4 Nc6 6. e3 Bf5 7. Nf3 e6 8. Bd3 Bxd3 9. Qxd3 Be7 10. O-O O-O 11. Rac1 Rc8 12. a3 Nd7 13. b4 Nb6 14.
Ne2 Nc4 15. e4 b5 16. exd5 exd5 17. Ng3 g6 18. Rfe1 a6 19. Ne5 Bf6 20. Nxc6 Rxc6 21. Be5 Bg7 22. f4 f6 0-1

[Event "*** SCC Grand Prix: Titled Tuesday Blitz"]
[Site "Chess.com"]
[Date "2020.09.29"]
[Round "7"]
[White "DonPreuss"]
[Black "manuellarrea"]
[Result "1-0"]
[WhiteElo "2247"]
[BlackElo "2100"]
[TimeControl "180+1"]
[EndTime "11:12:30 PDT"]
[Termination "DonPreuss won by resignation"]

1. d4 Nf6 2. Nc3 e6 3. e4 d5 4. exd5 exd5 5. Bd3 c6 6. Nge2 Be7 7. O-O O-O 8. Ng3 g6 9. Bh6 Re8 10. Qd2 Nbd7 11. Rae1 Nf8 12. f4 Ne6 13. f5 Nxd4 14. fxg6 hxg6 15. Rxe7 Qxe7 16. Bg5 Nf5 17. Nxf5 Bxf5 18.
Bxf5 gxf5 19. Rxf5 Qc5+ 20. Kf1 Ne4 21. Nxe4 Rxe4 22.
Bf6 Qe3 23. Qxe3 Rxe3 24. Rh5 1-0

[Event "*** SCC Grand Prix: Titled Tuesday Blitz"]
[Site "Chess.com"]
[Date "2020.09.29"]
[Round "7"]
[White "Gulkov_Igor"]
[Black "salomez"]
[Result "1-0"]
[WhiteElo "2440"]
[BlackElo "2248"]
[TimeControl "180+1"]
[EndTime "11:12:33 PDT"]
[Termination "Gulkov_Igor won by resignation"]

1. Nf3 Nf6 2. c4 g6 3. Nc3 d5 4.
cxd5 Nxd5 5. e4 Nxc3 6. dxc3 Qxd1+ 7. Kxd1 f6 8. Bc4 e5 9. Kc2 Bd6 10. Be3 Ke7 11. Nd2 Be6 12. a4 Nd7 13. b4 a5 14. Kb3 Rhd8 15. Bxe6 Kxe6 16. Nc4 Be7 17. Nxa5 Nc5+ 18. Bxc5 Bxc5 19. Nxb7 1-0

[Event "*** SCC Grand Prix: Titled Tuesday Blitz"]
[Site "Chess.com"]
[Date "2020.09.29"]
[Round "7"]
[White "kleopl"]
[Black "Evgeny81"]
[Result "0-1"]
[WhiteElo "2468"]
[BlackElo "2666"]
[TimeControl "180+1"]
[EndTime "11:12:41 PDT"]
[Termination "Evgeny81 won by resignation"]

1. c4 f5 2. Nc3 Nf6 3. g3 e5 4. Bg2 g6 5. e3 Bg7 6. Nge2 O-O 7.
O-O d6 8. Rb1 a5 9. a3 Nc6 10.
b4 axb4 11. axb4 Kh8 12. b5 Ne7 13. d4 e4 14. c5 d5 15. h4 h6 16. Bb2 g5 17. hxg5 hxg5 18. f3 Qe8 19. fxe4 fxe4 20. Nc1 Bg4 21. Qd2 Qh5 22. Nb3 Bf3 23. Bxf3 exf3 24.
Rf2 Ng4 25. Rbf1 Nxf2 26. Rxf2 Kg8 27. e4 Qg4 28. Kh2 Rf6 0-1

[Event "*** SCC Grand Prix: Titled Tuesday Blitz"]
[Site "Chess.com"]
[Date "2020.09.29"]
[Round "7"]
[White "Lion-Al-Messi"]
[Black "AniJak"]
[Result "1-0"]
[WhiteElo "2532"]
[BlackElo "2376"]
[TimeControl "180+1"]
[EndTime "11:12:42 PDT"]
[Termination "Lion-Al-Messi won by checkmate"]

1. e4 c6 2. Nf3 d5 3. Nc3 Bg4 4.
h3 Bxf3 5. Qxf3 Nf6 6. d3 e6 7. Bd2 Bb4 8. g4 Qb6 9. g5 Nfd7 10. a3 Bxc3 11. Bxc3 d4 12. Bd2 Qxb2 13. Qd1 Qb6 14. Bg2 O-O 15. O-O e5 16. Rb1 Qc7 17. f4 exf4 18.
Bxf4 Qc8 19. h4 Nc5 20. h5 Ne6 21. Bd2 Nd7 22. h6 g6 23. Bh3 Qc7 24. Qg4 Rae8 25. Rf2 f6 26. Rbf1 fxg5 27. Qxe6+ Rxe6 28. Bxe6+ Rf7 29. Rxf7 Qg3+ 30. Kh1 Qh4+ 31. Kg2 Qxh6 32. Rf8+ Kg7 33. R1f7# 1-0

[Event "*** SCC Grand Prix: Titled Tuesday Blitz"]
[Site "Chess.com"]
[Date "2020.09.29"]
[Round "7"]
[White "Fy_Rakotomaharo"]
[Black "FontVella8"]
[Result "1-0"]
[WhiteElo "2674"]
[BlackElo "2484"]
[TimeControl "180+1"]
[EndTime "11:12:46 PDT"]
[Termination "Fy_Rakotomaharo won by resignation"]

1. e4 c6 2. Nf3 d5 3. d3 g6 4. e5 Bg7 5. d4 c5 6. dxc5 Nc6 7. Bb5 e6 8. Bxc6+ bxc6 9. O-O Ne7 10.
c3 O-O 11. Nbd2 a5 12. a4 Ba6 13. Re1 Rb8 14. b3 Nf5 15. Nd4 Qc7 16. N2f3 Rb7 17.
Nxf5 exf5 18. Bf4 Re8 19. h4 Qd7 20. Rb1 h6 21. Qd2 Kh7 22. Nd4 Ra7 23. b4 Bc4 24. b5 cxb5 25. axb5 Rc8 26. c6 Qe8 27. b6 Re7 28. b7 Rb8 29. e6 fxe6 30. Bxb8 Qxb8 31.
Nxe6 1-0

[Event "*** SCC Grand Prix: Titled Tuesday Blitz"]
[Site "Chess.com"]
[Date "2020.09.29"]
[Round "7"]
[White "Shuvalov"]
[Black "TC2304"]
[Result "0-1"]
[WhiteElo "2419"]
[BlackElo "2321"]
[TimeControl "180+1"]
[EndTime "11:13:04 PDT"]
[Termination "TC2304 won by checkmate"]

1. Nf3 Nf6 2. c4 c5 3. g3 g6 4. Bg2 Bg7 5. O-O O-O 6. Nc3 Nc6 7. d4 cxd4 8. Nxd4 Qa5 9. Nb3 Qh5 10. h4 d6 11. Bg5 Ne5 12. c5 Be6 13. cxd6 exd6 14.
Qxd6 Nc4 15. Qf4 Ng4 16. Nd5 h6 17. Be7 Rfc8 18. Rad1 Nxb2 19. Nc7 g5 20. hxg5 Qh2# 0-1

[Event "*** SCC Grand Prix: Titled Tuesday Blitz"]
[Site "Chess.com"]
[Date "2020.09.29"]
[Round "7"]
[White "PowerThinking2650"]
[Black "Ze-Pequeno"]
[Result "1-0"]
[WhiteElo "2370"]
[BlackElo "2246"]
[TimeControl "180+1"]
[EndTime "11:13:13 PDT"]
[Termination "PowerThinking2650 won by checkmate"]

1. e4 c5 2. Nf3 d6 3. d4 cxd4 4. Nxd4 Nf6 5. Nc3 a6 6. Bc4 e6 7.
O-O Nbd7 8. Bxe6 fxe6 9. Nxe6 Qb6 10. Be3 Nc5 11. Na4 Qc6 12. Naxc5 dxc5 13. Qd8+ Kf7 14. Ng5+ Kg6 15. e5 Ng4 16. Rae1 b5 17. h3 Bb7 18.
Qd3+ Kh5 19. hxg4+ Kxg4 20. f3+ Kh5 21. g4+ Kh4 22.
Rf2 Qxf3 23. Nxf3+ Kg3 24. Rg2+ Kxf3 25. Rf1# 1-0

[Event "*** SCC Grand Prix: Titled Tuesday Blitz"]
[Site "Chess.com"]
[Date "2020.09.29"]
[Round "7"]
[White "Evachess2006"]
[Black "ChessWarrior3"]
[Result "0-1"]
[WhiteElo "1632"]
[BlackElo "2143"]
[TimeControl "180+1"]
[EndTime "11:13:14 PDT"]
[Termination "ChessWarrior3 won by resignation"]

1. e4 c5 2. c3 Nf6 3. e5 Nd5 4. d4 cxd4 5. Nf3 Nc6 6. cxd4 d6 7. exd6 Qxd6 8. Nc3 Bg4 9. Be2 O-O-O 10. O-O g6 11.
Bd2 Bg7 12. Nb5 Qd7 13. Rc1 Kb8 14. Qa4 a6 15. Na3 Nxd4 16. Qxd4 Bxd4 0-1

[Event "*** SCC Grand Prix: Titled Tuesday Blitz"]
[Site "Chess.com"]
[Date "2020.09.29"]
[Round "7"]
[White "Sven_Tica"]
[Black "Gajuchess"]
[Result "0-1"]
[WhiteElo "2658"]
[BlackElo "2815"]
[TimeControl "180+1"]
[EndTime "11:13:21 PDT"]
[Termination "Gajuchess won by resignation"]

1. d4 Nf6 2. c4 e6 3. g3 Bb4+ 4.
Bd2 Be7 5. Bg2 O-O 6. Nf3 d5 7. O-O Nbd7 8. Qc2 c6 9. Bf4 h6 10. Nc3 dxc4 11. Nd2 Nd5 12. Nxc4 Nxf4 13. gxf4 Nb6 14.
Nxb6 axb6 15. Rfd1 Qc7 16. e3 Bd7 17. Rac1 Kh8 18.
a3 Rg8 19. Qe4 f5 20. Qf3 g5 21. Qh5 Kh7 22. d5 Be8 23. Qf3 gxf4 24. d6 Bxd6 25.
Nb5 Qg7 26. Nxd6 Bh5 27. Kh1 Bxf3 28. Bxf3 Rad8 29. exf4 Qc7 0-1

[Event "*** SCC Grand Prix: Titled Tuesday Blitz"]
[Site "Chess.com"]
[Date "2020.09.29"]
[Round "7"]
[White "picturesquecheck"]
[Black "Rubinstein_Akiba"]
[Result "0-1"]
[WhiteElo "2184"]
[BlackElo "2383"]
[TimeControl "180+1"]
[EndTime "11:13:21 PDT"]
[Termination "Rubinstein_Akiba won by resignation"]

1. e4 c5 2. Nf3 d6 3. d4 cxd4 4.
Nxd4 Nf6 5. Nc3 a6 6. h3 e5 7. Nde2 Be6 8. g4 Be7 9. Bg2 Nc6 10. Be3 Qc7 11. Ng3 g6 12. Qe2 b5 13. f4 exf4 14.
Bxf4 b4 15. Nd5 Bxd5 16. exd5 Nd4 17. Qd3 Nxc2+ 18. Kf1 Nxa1 19. g5 Nd7 20. Bf3 Rc8 21. Kg2 0-1

[Event "*** SCC Grand Prix: Titled Tuesday Blitz"]
[Site "Chess.com"]
[Date "2020.09.29"]
[Round "7"]
[White "ChessWarrior7197"]
[Black "abykhovsky"]
[Result "1-0"]
[WhiteElo "2947"]
[BlackElo "2732"]
[TimeControl "180+1"]
[EndTime "11:13:22 PDT"]
[Termination "ChessWarrior7197 won by resignation"]

1. e4 c5 2. Nf3 e6 3. g3 Nc6 4. Bg2 Nf6 5. Nc3 d6 6. O-O e5 7. d3 Be7 8. Bg5 Ng8 9. Be3 Nf6 10. Nd2 Ng4 11. Nc4 O-O 12. h3 Nxe3 13. fxe3 Be6 14. a4 Qd7 15. Kh2 g6 16. Nd5 f5 17. exf5 gxf5 18. e4 Kh8 19. exf5 Bxf5 20. Qd2 Nd4 21. Rf2 Rf7 22. Raf1 Raf8 23. c3 Nc6 24. Qh6 Kg8 25.
Nxe7+ Nxe7 26. Qxd6 1-0

[Event "*** SCC Grand Prix: Titled Tuesday Blitz"]
[Site "Chess.com"]
[Date "2020.09.29"]
[Round "7"]
[White "Orest_Vovk"]
[Black "Schandenfreude"]
[Result "0-1"]
[WhiteElo "2395"]
[BlackElo "2566"]
[TimeControl "180+1"]
[EndTime "11:13:22 PDT"]
[Termination "Schandenfreude won by checkmate"]

1. h4 e6 2. h5 h6 3. Nc3 d5 4. e4 dxe4 5. Nxe4 Nd7 6. Nf3 Ngf6 7. d3 Be7 8. Bd2 b6 9. Bc3 Bb7 10. Qe2 c5 11. O-O-O O-O 12. g3 Nd5 13. Bd2 N7f6 14.
Bg2 Qc7 15. Rh4 Rad8 16. a3 b5 17. Nxf6+ Bxf6 18. Rg4 Kh8 19. Re1 c4 20. dxc4 bxc4 21. Qxc4 Qb6 22. Bb4 Nxb4 23. axb4 Qxf2 24. Re2 Bxf3 25.
Rxf2 Rd1# 0-1

[Event "*** SCC Grand Prix: Titled Tuesday Blitz"]
[Site "Chess.com"]
[Date "2020.09.29"]
[Round "7"]
[White "ajkom197"]
[Black "hungrycaterpillar4"]
[Result "1-0"]
[WhiteElo "2469"]
[BlackElo "2610"]
[TimeControl "180+1"]
[EndTime "11:13:24 PDT"]
[Termination "ajkom197 won by resignation"]

1. c4 f5 2. g3 Nf6 3. Bg2 e6 4. Nc3 Be7 5. e3 O-O 6. Nge2 d5 7. b3 c6 8. O-O Na6 9. Bb2 Nc5 10. d4 Nce4 11.
Qc2 Bd7 12. Rad1 Bd6 13. f3 Ng5 14. e4 fxe4 15. fxe4 Ngxe4 16. Nxe4 dxe4 17. Bxe4 Nxe4 18. Qxe4 Qg5 19. Bc1 Qh5 20. Bf4 e5 21. Bxe5 Bf5 22.
Qe3 Bxe5 23. dxe5 Bh3 24. Nf4 Rxf4 25. Qxf4 Bxf1 26. Rxf1 Re8 27. e6 h6 28. Qf7+ 1-0

[Event "*** SCC Grand Prix: Titled Tuesday Blitz"]
[Site "Chess.com"]
[Date "2020.09.29"]
[Round "7"]
[White "TimKett"]
[Black "barbara25"]
[Result "1-0"]
[WhiteElo "2175"]
[BlackElo "2325"]
[TimeControl "180+1"]
[EndTime "11:13:27 PDT"]
[Termination "TimKett won by resignation"]

1. e4 c5 2. Nf3 d6 3. d4 cxd4 4.
Nxd4 Nf6 5. Nc3 a6 6. Bg5 e6 7. f4 Be7 8. Qf3 Qc7 9. O-O-O Nc6 10. Nxc6 bxc6 11. Qg3 O-O 12. e5 dxe5 13. fxe5 Nd5 14. Ne4 Bxg5+ 15. Qxg5 a5 16. c4 Nb4 17. Nf6+ Kh8 18.
Rd4 Nxa2+ 19. Kb1 Nc3+ 20. Kc2 Qb6 21. Rh4 Qf2+ 22. Kxc3 Qe1+ 23. Kc2 Qf2+ 24. Kb1 Qe1+ 25. Ka2 1-0

[Event "*** SCC Grand Prix: Titled Tuesday Blitz"]
[Site "Chess.com"]
[Date "2020.09.29"]
[Round "7"]
[White "GianmarcoVaR"]
[Black "brunomorado"]
[Result "1-0"]
[WhiteElo "2543"]
[BlackElo "2383"]
[TimeControl "180+1"]
[EndTime "11:13:29 PDT"]
[Termination "GianmarcoVaR won by resignation"]

1. d4 d5 2. c4 c6 3. Nf3 Nf6 4.
Qc2 e6 5. g3 Nbd7 6. Bg2 Bd6 7.
O-O Qe7 8. Nbd2 e5 9. cxd5 Nxd5 10. Nc4 exd4 11. Nxd6+ Qxd6 12. Qe4+ Qe7 13. Qxe7+ Nxe7 14.
Nxd4 Nc5 15. b3 O-O 16. Ba3 b6 17. Rac1 Nf5 18. Bxc5 bxc5 19. Nxf5 Bxf5 20. Rxc5 Bd7 21. Bxc6 Rac8 22. Rfc1 Bg4 23. f3 Be6 24. Bd5 Rxc5 25. Rxc5 Rd8 26. Bxe6 fxe6 27. Kf2 Rd2 28. Rc8+ Kf7 29.
Rc7+ Kf6 30. Rxa7 1-0

[Event "*** SCC Grand Prix: Titled Tuesday Blitz"]
[Site "Chess.com"]
[Date "2020.09.29"]
[Round "7"]
[White "Evandro_Barbosa"]
[Black "superchthonic"]
[Result "1-0"]
[WhiteElo "2731"]
[BlackElo "2574"]
[TimeControl "180+1"]
[EndTime "11:13:31 PDT"]
[Termination "Evandro_Barbosa won by resignation"]

1. e4 c5 2. Nf3 Nc6 3. Bb5 e6 4. Bxc6 bxc6 5. b3 Ne7 6. Bb2 Ng6 7. h4 h5 8. e5 f6 9. Qe2 d5 10. exd6 Bxd6 11. Na3 e5 12. Nc4 Be7 13. g3 Qd5 14.
Ne3 Qe4 15. d3 Qb4+ 16. Nd2 a5 17. a4 Be6 18. O-O-O Kf7 19. Nec4 Bg4 20. f3 Be6 21. Ba3 Qb7 22. Ne4 Bd5 23. Ncd6+ 1-0

[Event "*** SCC Grand Prix: Titled Tuesday Blitz"]
[Site "Chess.com"]
[Date "2020.09.29"]
[Round "7"]
[White "chessmaGIA"]
[Black "misterlamine"]
[Result "0-1"]
[WhiteElo "1665"]
[BlackElo "2303"]
[TimeControl "180+1"]
[EndTime "11:13:35 PDT"]
[Termination "misterlamine won by resignation"]

1. d4 Nf6 2. c4 c5 3. Nf3 cxd4 4. Nxd4 g6 5. Nc3 Bg7 6. e4 Nc6 7. Nc2 O-O 8. Be2 d6 9. O-O Bd7 10. Be3 Rc8 11. f3 a6 12. Qd2 Ne5 13. b3 Qc7 14. Rac1 b5 15. Nd5 Nxd5 16. cxd5 Qc3 17. Nd4 Qxd2 18.
Bxd2 Nd3 19. Bxd3 Bxd4+ 20. Kh1 Bb2 21. Rb1 Bc3 22. Be3 Bb4 23. Rfc1 Ba3 24. Rc2 Rxc2 25. Bxc2 Rc8 26. Bd3 Rc3 27. Rd1 Bc5 28. Bxc5 dxc5 29.
Kg1 c4 30. bxc4 bxc4 31. Bf1 Rc2 32. a3 Bb5 33. e5 Kf8 34. d6 exd6 35. exd6 Ke8 36.
Ra1 Kd7 37. Rd1 Ra2 38. g3 Rxa3 39. Bh3+ Kd8 40. Kf2 c3 41. Rc1 Ra2+ 42. Ke3 Rxh2 43. Bf1 Rh1 44. Kf2 Rxf1+ 0-1

[Event "*** SCC Grand Prix: Titled Tuesday Blitz"]
[Site "Chess.com"]
[Date "2020.09.29"]
[Round "7"]
[White "MashaFromRussia"]
[Black "NikolaGry"]
[Result "0-1"]
[WhiteElo "2419"]
[BlackElo "2648"]
[TimeControl "180+1"]
[EndTime "11:13:48 PDT"]
[Termination "NikolaGry won by resignation"]

1. d4 d5 2. c4 Nc6 3. Nf3 Bg4 4. cxd5 Bxf3 5. gxf3 Qxd5 6. e3 e5 7. Nc3 Bb4 8. dxe5 Qxe5 9. Qb3 Nge7 10. a3 Bxc3+ 11. Qxc3 Qh5 12. Be2 O-O-O 13. b4 Ne5 14. e4 Nd3+ 15.
Bxd3 Qxf3 16. Be3 Rxd3 0-1

[Event "*** SCC Grand Prix: Titled Tuesday Blitz"]
[Site "Chess.com"]
[Date "2020.09.29"]
[Round "7"]
[White "PlotnikovPavel"]
[Black "juancruzarias"]
[Result "1-0"]
[WhiteElo "2378"]
[BlackElo "2496"]
[TimeControl "180+1"]
[EndTime "11:13:50 PDT"]
[Termination "PlotnikovPavel won by checkmate"]

1. e4 e6 2. d3 d5 3. Nd2 c5 4.
Ngf3 Nc6 5. g3 g6 6. Bg2 Bg7 7. O-O Nge7 8. Re1 O-O 9. e5 Qc7 10. Qe2 h6 11. h4 f6 12. exf6 Rxf6 13. Nf1 Bd7 14. N1h2 Rf7 15. Ng4 Kh7 16. Bf4 Rxf4 17.
gxf4 Qxf4 18. Nge5 Be8 19. Nxc6 Bxc6 20. Qxe6 Nf5 21.
h5 gxh5 22. Ne5 Nd4 23. Qg6+ Kh8 24. Nf7+ Kg8 25. Re7 Rf8 26. Ng5 Qxf2+ 27. Kh1 Qh4+ 28. Bh3 Ne6 29. Qh7# 1-0

[Event "*** SCC Grand Prix: Titled Tuesday Blitz"]
[Site "Chess.com"]
[Date "2020.09.29"]
[Round "7"]
[White "SHIVACalypso"]
[Black "Zarinur"]
[Result "1-0"]
[WhiteElo "2345"]
[BlackElo "2190"]
[TimeControl "180+1"]
[EndTime "11:13:51 PDT"]
[Termination "SHIVACalypso won by resignation"]

1. Nf3 Nf6 2. c4 e6 3. g3 d5 4. Bg2 c6 5. O-O Be7 6. d4 O-O 7. Nc3 Nbd7 8. Nd2 b6 9. e4 dxe4 10. Ndxe4 Bb7 11. h3 Qc8 12. Bf4 c5 13. d5 exd5 14.
cxd5 Rd8 15. d6 Bf8 16. Bg5 Nxe4 17. Nxe4 f6 18. Bf4 Ne5 19. Bxe5 fxe5 20. Qh5 Bxd6 21. Ng5 h6 22. Qf7+ Kh8 23. Bxb7 Qb8 24. Ne6 Rg8 25. Be4 Qe8 26. Qf5 g6 27. Qf6+ Kh7 28.
Bxa8 Qxa8 29. Rad1 1-0

[Event "*** SCC Grand Prix: Titled Tuesday Blitz"]
[Site "Chess.com"]
[Date "2020.09.29"]
[Round "7"]
[White "hawes33"]
[Black "korkmaz16"]
[Result "1-0"]
[WhiteElo "2221"]
[BlackElo "2337"]
[TimeControl "180+1"]
[EndTime "11:14:03 PDT"]
[Termination "hawes33 won by resignation"]

1. e4 d5 2. Nc3 d4 3. Nce2 e5 4. Ng3 Be6 5. Nf3 Bd6 6. d3 f6 7. Nf5 Bf8 8. Ng3 g6 9. h4 Bg4 10. h5 Bg7 11. Be2 Be6 12. Nh4 Ne7 13. hxg6 hxg6 14.
f4 exf4 15. Bxf4 g5 16. Nh5 Kf8 17. Bxg5 fxg5 18. O-O+ Kg8 19. Nxg7 Kxg7 20. Nf5+ Bxf5 21. exf5 Nd5 22. Qe1 Qf6 23. Bf3 Ne3 24. Bxb7 Qh6 25.
f6+ Kf8 26. Qb4+ Kf7 27. Qe7+ Kg6 28. Be4+ Kh5 29. Kf2 g4 30. Rh1+ Kg5 31. Rxh6 1-0

[Event "*** SCC Grand Prix: Titled Tuesday Blitz"]
[Site "Chess.com"]
[Date "2020.09.29"]
[Round "7"]
[White "Koksik_13"]
[Black "elohunter1999"]
[Result "0-1"]
[WhiteElo "2648"]
[BlackElo "2495"]
[TimeControl "180+1"]
[EndTime "11:14:05 PDT"]
[Termination "elohunter1999 won by checkmate"]

1. d4 Nf6 2. Nc3 d5 3. Bf4 c5 4. e3 cxd4 5. exd4 a6 6. Nf3 Nc6 7. Ne5 Bd7 8. Nxc6 Bxc6 9. Bd3 e6 10. O-O Be7 11. Ne2 O-O 12. Ng3 b5 13. Re1 b4 14. Be5 Bb5 15. Bxb5 axb5 16. Qd3 Qb6 17. f4 g6 18. f5 exf5 19. Nxf5 gxf5 20. Qxf5 Ne4 21.
Re3 f6 22. Bf4 Qxd4 23. Qg4+ Kh8 24. Rd1 Qc5 25. Qh5 Rad8 26. Kh1 Nf2+ 27. Kg1 Nxd1 28.
Qxd1 Bd6 29. Bh6 Rg8 30. Kh1 Rg6 31. Qh5 Qxc2 32. Re1 Qxg2# 0-1

[Event "*** SCC Grand Prix: Titled Tuesday Blitz"]
[Site "Chess.com"]
[Date "2020.09.29"]
[Round "7"]
[White "Nara_Kh"]
[Black "Leo_C"]
[Result "1-0"]
[WhiteElo "2394"]
[BlackElo "2265"]
[TimeControl "180+1"]
[EndTime "11:14:05 PDT"]
[Termination "Nara_Kh won by resignation"]

1. e4 c6 2. Nc3 d5 3. Nf3 Nf6 4. e5 Ne4 5. Ne2 Qb6 6. d4 e6 7. Ng3 c5 8. Bd3 Nxg3 9. hxg3 Nc6 10.
O-O cxd4 11. a3 a5 12. Re1 Bd7 13. Ng5 h6 14. Qh5 hxg5 15. Qxh8 O-O-O 16. Bxg5 Be7 17. Qxg7 Bxg5 18. Qxg5 Qxb2 19. Qg7 Be8 20. g4 Qc3 21. g5 Qd2 22. Qf6 a4 23. g6 fxg6 24. Qxe6+ Bd7 25. Qxg6 Ne7 26. Qf6 Rg8 27. e6 1-0

[Event "*** SCC Grand Prix: Titled Tuesday Blitz"]
[Site "Chess.com"]
[Date "2020.09.29"]
[Round "7"]
[White "horripile"]
[Black "dyziotomi99"]
[Result "1-0"]
[WhiteElo "2662"]
[BlackElo "2474"]
[TimeControl "180+1"]
[EndTime "11:14:07 PDT"]
[Termination "horripile won by checkmate"]

1. e4 c5 2. Nf3 Nc6 3. Bb5 g6 4. Bxc6 bxc6 5. O-O Bg7 6. Re1 Nf6 7. e5 Nd5 8. c4 Nc7 9. d4 cxd4 10. Qxd4 Ne6 11.
Qh4 d6 12. Bh6 O-O 13. Nc3 dxe5 14. Bxg7 Kxg7 15. Nxe5 Nd4 16. Rad1 c5 17. Nc6 Qb6 18. Nxd4 cxd4 19. Nd5 Qxb2 20. Rb1 Qa3 21. Qxd4+ Kh6 22. Re4 g5 23. h4 f6 24. hxg5+ fxg5 25. Rxe7 Bf5 26.
Rb3 Qc1+ 27. Kh2 Bg6 28. Rh3+ Bh5 29. Qg7# 1-0

[Event "*** SCC Grand Prix: Titled Tuesday Blitz"]
[Site "Chess.com"]
[Date "2020.09.29"]
[Round "7"]
[White "katchesskat"]
[Black "lucachess49"]
[Result "1-0"]
[WhiteElo "2271"]
[BlackElo "2373"]
[TimeControl "180+1"]
[EndTime "11:14:07 PDT"]
[Termination "katchesskat won on time"]

1. c4 Nf6 2. Nf3 e6 3. e3 d5 4.
a3 Be7 5. Qc2 O-O 6. h4 a6 7. b4 dxc4 8. Bxc4 b5 9. Bd3 Bb7 10.
Bb2 h6 11. Ng5 c5 12. bxc5 Nc6 13. Be2 e5 14. Nc3 Rc8 15. Bf3 g6 16. Ne6 fxe6 17.
Qxg6+ Kh8 18. Qxh6+ Nh7 19. Ne4 Rf7 20. Ng5 Bxg5 21.
hxg5 Rg7 22. g6 Nd4 23. Bxd4 1-0